 Dungeon Crawl Stone Soup version 0.31-a0-799-g6bc09d010c (webtiles) character file.

Game seed: 6719500566702600109

372 freelancePsychic the Firebug (level 6, -8/50 HPs)
             Began as a Demigod Fire Elementalist on Sept 19, 2023.
             Mangled by a gnoll
             ... wielding a +0 halberd
              (11 damage)
             ... on level 5 of the Dungeon.
             The game lasted 00:07:14 (5994 turns).

freelancePsychic the Firebug (DgFE)                 Turns: 5994, Time: 00:07:15

Health: -8/50      AC:  5    Str:  9    XL:     6   Next: 19%
Magic:  14/14      EV: 11    Int: 25    God:
Gold:   128        SH:  0    Dex: 14    Spells: 5/11 levels left

rFire   . . .        q - +1 dagger (venom)
rCold   . . .        (no shield)
rNeg    . . .        u - +0 leather armour
rPois   .            (no helmet)
rElec   .            n - +1 cloak
rCorr   .            (no gloves)
SInv    .            (no boots)
Will    .....        (no amulet)
Stlth   ++           (no ring)
HPRegen 0.28/turn    (no ring)
MPRegen 0.14/turn

%: no passive effects
@: weakened
A: high MP 1, forlorn, divine attributes
a: no special abilities


You were on level 5 of the Dungeon.
You visited 1 branch of the dungeon, and saw 5 of its levels.

You collected 197 gold pieces.
You spent 69 gold pieces at shops.

Inventory:

Hand Weapons
 m - a +2 short sword of electrocution
 q - a +1 dagger of venom (weapon)
 w - a +1 whip of pain
Armour
 a - a +0 robe
 n - a +1 cloak (worn)
 u - a +0 leather armour (worn)
Jewellery
 o - a ring of wizardry
Wands
 r - a wand of flame (18)
 t - a wand of paralysis (11)
Scrolls
 d - 2 scrolls of revelation
 g - 3 scrolls of vulnerability
 h - 3 scrolls of teleportation {@r4}
 i - a scroll of blinking
 k - a scroll of amnesia
 p - 2 scrolls of poison
Potions
 b - a potion of magic
 c - 4 potions of curing {@q1}
 e - 3 potions of heal wounds {unknown}
 f - a potion of haste {unknown}
 j - a potion of might {unknown}
 l - a potion of degeneration {unknown}
 s - a potion of resistance {unknown}
 v - a potion of attraction {unknown}


   Skills:
 + Level 2.8 Fighting
 - Level 1.7 Dodging
 - Level 1.7 Stealth
 + Level 3.3 Spellcasting
 - Level 0.8 Conjurations
 + Level 2.3 Hexes
 + Level 4.1 Fire Magic


You had 5 spell levels left.
You knew the following spells:

 Your Spells              Type           Power      Damage    Failure   Level
a - Foxfire               Conj/Fire      64%        2x1d7     4%          1
b - Scorch                Fire           50%        2d7       3%          2
c - Inner Flame           Hex/Fire       20%        N/A       11%         3

Your spell library contained the following spells:

 Spells                   Type           Power      Damage    Failure   Level
 Shock                    Conj/Air       24%        1d4       12%         1
 Volatile Blastmotes      Fire/Tloc      28%        2d12      19%         3
 Hailstorm                Conj/Ice       6%         3d4       34%         3
 Swiftness                Air            4%         N/A       38%         3
 Flame Wave               Conj/Fire      16%        2d7       43%         4
 Fulminant Prism          Conj/Hex       6%         3d7       56%         4
 Iskenderun's Mystic Bla  Conj/Tloc      6%         2d4       75%         4
 Airstrike                Air            2%         2d(1-17)  80%         4
 Summon Ice Beast         Ice/Summ       4%         N/A       80%         4
 Simulacrum               Ice/Necr       2%         N/A       100%        6


Dungeon Overview and Level Annotations

Branches:
Dungeon (5/15)
 Temple: D:4-7

Shops:
D:4 *


Innate Abilities, Weirdness & Mutations

You have an increased reservoir of magic. (+10% MP)
You shall have no god before yourself.
Your divine heritage dramatically boosts your attributes as you level up.


Message History

You feel as though you will be weak longer.
There is a stone staircase leading up, spattered with blood here.
The gnoll closely misses you.
The gnoll bouda barks out a call to the hunt!
The gnolls pick up the pace!
The gnoll hits you but does no damage.
The gnoll throws a throwing net.
The throwing net hits you.
You become entangled in the net!
You stop ascending the stairs.
The gnoll bouda barks out a call to the hunt!
The gnoll picks up the pace!
You struggle against the net.
The gnoll hits you from afar with a +0 spear.
The gnoll hits you from afar with a +0 halberd!
You struggle against the net.
The gnoll barely misses you. The gnoll hits you but does no damage.
The gnoll closely misses you. The gnoll bouda barely misses you.
You struggle against the net.
The centaur unwields a +0 orcbow.
The centaur hits you.
The centaur kicks you but does no damage.
The gnoll hits you but does no damage.
The gnoll hits you from afar with a +0 halberd.
The gnoll bouda barely misses you.
You shred the net and break free! The centaur hits you.
The centaur closely misses you. The gnoll hits you with a +0 flail!
* * * LOW HITPOINT WARNING * * *
The gnoll barely misses you. The gnoll closely misses you.
The gnoll bouda hits you with a +0 club.
* * * LOW HITPOINT WARNING * * *
The centaur hits you.
* * * LOW HITPOINT WARNING * * *
The centaur misses you.
Okay, then.
The gnoll hits you from afar with a +0 spear.
* * * LOW HITPOINT WARNING * * *
The gnoll closely misses you. The centaur hits you.
* * * LOW HITPOINT WARNING * * *
The centaur kicks you but does no damage.
The gnoll closely misses you.
The gnoll hits you from afar with a +0 halberd!
You die...

.. ... [.. ##...
#.# ...... ...
......
#.####......
##..#........
#............
#..##..g@g..>...
...#....c.....# .
#....gggh......
..##...........g.
...............
..............$
...#...........
...##<.......##
#..g........#


You could see a gnoll sergeant, a centaur, a gnoll bouda, a hound and 4 gnolls.

Vanquished Creatures
  A phantom (D:4)
  2 hounds (D:4)
  2 iguanas (D:4)
  5 gnolls (D:4)
  5 adders
  A worm (D:2)
  5 dart slugs
  An orc (D:4)
  8 ball pythons
  6 bats
  9 endoplasms
  6 giant cockroaches
  6 goblins
  4 hobgoblins
  3 jackals
  3 quokkas
  6 frilled lizards
  6 kobolds
  10 rats
89 creatures vanquished.

Vanquished Creatures (others)
  137 foxfires
137 creatures vanquished.

Grand Total: 226 creatures vanquished

Notes
Turn   | Place    | Note
-------+----------+-------------------------------------------
     0 | D:1      | freelancePsychic the Demigod Fire Elementalist began the
                  | quest for the Orb.
     0 | D:1      | Reached XP level 1. HP: 14/14 MP: 5/5
   198 | D:1      | Reached XP level 2. HP: 22/22 MP: 1/7
   341 | D:1      | Reached skill level 1 in Fighting
   394 | D:1      | Reached skill level 3 in Fire Magic
   588 | D:1      | Learned a level 2 spell: Scorch
   731 | D:1      | Reached XP level 3. HP: 28/28 MP: 3/9
   838 | D:1      | Learned a level 3 spell: Inner Flame
  2366 | D:2      | Identified the +1 ring mail of Zeust {-Cast Str+3 Slay+3}
  2792 | D:3      | Reached XP level 4. HP: 36/36 MP: 5/10
  3111 | D:3      | Reached skill level 1 in Hexes
  3753 | D:4      | Noticed a phantom
  4267 | D:4      | Found Sinigi's Assorted Antiques.
  4271 | D:4      | Killed a phantom
  4272 | D:4      | Reached XP level 5. HP: 34/41 MP: 2/12
  4371 | D:4      | Bought a scroll of identify for 46 gold pieces
  4371 | D:4      | Bought a scroll labelled GIKHLI RUNN for 23 gold pieces
  4549 | D:5      | Entered Level 5 of the Dungeon
  4593 | D:4      | Reached skill level 4 in Fire Magic
  4663 | D:5      | Noticed a centaur
  5026 | D:4      | HP: 2/42 [poisoned by an adder]
  5034 | D:4      | Reached XP level 6. HP: 15/50 MP: 9/13
  5877 | D:4      | Found Sinigi's Assorted Antiques.
  5994 | D:5      | Mangled by a gnoll

Illustrated notes

Levels and vault maps discovered:
D:1:      lightli_arrival_windingriver, layout_basic, minmay_small_reverse_x
D:2:      layout_basic, nicolae_ecumenical_oubliette, serial_curves,
          eino_curves_01, eino_curves_01
D:3:      layout_loops_ring, grunt_decor_one_mirror, hex_large
D:4:      layout_basic, mainiacjoe_overflow_alcove_1, serial_shops, shop,
          minmay_circle_x
D:5:      layout_cave_pools, fedhas_altar_fruit_tree,
          grunt_temple_overflow_open, serial_gnoll_camp, grums_kennel,
          gnoll_camp_mini_loothouse, gnoll_camp_huts_basic,
          gnoll_camp_mini_doghouse

Skill      XL: |  1  2  3  4  5 |
---------------+----------------+-----
Spellcasting   | 2 3 |  3.3
Fighting       | 1 2 |  2.8
Fire Magic     | 3 4 |  4.1
Hexes          | 1 2 |  2.3
Dodging        | |  1.7
Stealth        | |  1.7
Conjurations   | |  0.8

Action                     |  1- 3 |  4- 6 || total
---------------------------+-------+-------++-------
  Melee: Unarmed           |     1 |       ||     1
         Short sword       |     5 |       ||     5
         Dagger            |       |     8 ||     8
   Cast: Foxfire           |    65 |    14 ||    79
         Scorch            |    22 |    38 ||    60
         Inner Flame       |       |     4 ||     4
    Use: Scroll            |     5 |     5 ||    10
         Potion            |       |     1 ||     1
 Armour: Robe              |    15 |    20 ||    35
         Leather armour    |       |    31 ||    31
  Dodge: Dodged            |    24 |    38 ||    62

Table legend: (Time is in decaauts)
 A = Elapsed time spent in this place.
 B = Non-inter-level travel time spent in this place.
 C = Inter-level travel time spent in this place.
 D = Time resting spent in this place.
 E = Time spent auto-exploring this place.
 F = Levels seen in this place.
 G = Mean time per level.
                   A        B        C        D        E       F      G
               +--------+--------+--------+--------+--------+-----+--------+
         Total |   6005 |   5667 |    338 |    276 |   4777 |   5 | 1201.0 |
       Dungeon |   6005 |   5667 |    338 |    276 |   4777 |   5 | 1201.0 |
               +--------+--------+--------+--------+--------+-----+--------+

Top non-repeatable levels by time:
     D:4: 2479 daAuts
     D:1: 1502 daAuts
     D:3: 1008 daAuts
     D:2: 988 daAuts
     D:5: 26 daAuts
